Workbook

Sheet orçamento (2)
A1: #VALUE!
A4: PROPRIETÁRIO - PREFEITURA MUNICIPAL DE SALTO DO JACUÍ
A5: OBRA - RECUPERAÇÃO E AMPLIAÇÃO DE PONTE EM CONCRETO ARMADO - PRÉ MOLDADO
A6: LOCAL - LINHA TABAJARA - RIO JACUIZINHO - SALTO DO JACUÍ/RS | I6: ÁREA A CONSTRUIR = 357,50 m²
A7: ADITIVO A PLANILHA ORÇAMENTÁRIA
A8: ITEM | B8: SINAPI 05/2025 | C8: SERVICOS | E8: QUANT. | F8: UNID | G8: VALORES (R$) | I8: VALORES C/BDI (R$) | K8: TOTAL C/BDI 24,00%
G9: UNIT | H9: TOTAL | I9: UNIT | J9: TOTAL
A10: 1 | C10: MESOESTRUTURA
A11: 1.1 | C11: MUROS DE CONTENÇÃO LATERAIS DA PONTE (GUARD-RAILS)
A12: 1.1.1 | B12: 92265 | C12: FABRICAÇÃO DE FÔRMA PARA VIGAS, EM CHAPA DE MADEIRA COMPENSADA RESINADA, E = 17 MM. AF_09/2020 | E12: 159.03 | F12: m² | G12: 127.23 | H12: =ROUND(PRODUCT(E12,G12),4) -> 20233.387 | I12: =ROUND(G12*1.24,4) -> 157.7652 | J12: =ROUND(PRODUCT(E12,I12),4) -> 25089.4 | K12: =ROUND(J12,2) -> 25089.4 | O12: =N12*1.24 -> 0
A13: 1.1.2 | B13: 92467 | C13: MONTAGEM E DESMONTAGEM DE FÔRMA DE VIGA, ESCORAMENTO COM GARFO DE MADEIRA, PÉ-DIREITO SIMPLES, EM CHAPA DE MADEIRA PLASTIFICADA, 10 UTILIZAÇÕES. AF_09/2020 | E13: 159.03 | F13: m² | G13: 96.86 | H13: =ROUND(PRODUCT(E13,G13),4) -> 15403.646 | I13: =ROUND(G13*1.24,4) -> 120.1064 | J13: =ROUND(PRODUCT(E13,I13),4) -> 19100.521 | K13: =ROUND(J13,2) -> 19100.52
A14: 1.1.3 | B14: 93957 | C14: EXECUÇÃO DE GRAMPO PARA SOLO GRAMPEADO COM COMPRIMENTO MENOR OU IGUAL A 6 M, DIÂMETRO DE10 CM, PERFURAÇÃO COM EQUIPAMENTO MANUAL E ARMADURA COM DIÂMETRO DE 20 MM. AF_07/2024 | E14: 39 | F14: m | G14: 373.95 | H14: =ROUND(PRODUCT(E14,G14),4) -> 14584.05 | I14: =ROUND(G14*1.24,4) -> 463.698 | J14: =ROUND(PRODUCT(E14,I14),4) -> 18084.222 | K14: =ROUND(J14,2) -> 18084.22
A15: 1.1.4 | B15: COMP07 | C15: ARMAÇÃO DE AÇO POR M3 DE CONCRETO | E15: 15.3 | F15: m³ | G15: 1038.6324 | H15: =ROUND(PRODUCT(E15,G15),4) -> 15891.076 | I15: =ROUND(G15*1.24,4) -> 1287.9042 | J15: =ROUND(PRODUCT(E15,I15),4) -> 19704.934 | K15: =ROUND(J15,2) -> 19704.93 | O15: =N16*1.24 -> 0
A16: 1.1.5 | B16: 94966 | C16: CONCRETO FCK = 30MPA, TRAÇO 1:2,1:2,5 (EM MASSA SECA DE CIMENTO/ AREIA MÉDIA/ BRITA 1) - PREPARO MECÂNICO COM BETONEIRA 400 L. AF_05/2021 | E16: 53.03 | F16: m³ | G16: 569.63 | H16: =ROUND(PRODUCT(E16,G16),4) -> 30207.479 | I16: =ROUND(G16*1.24,4) -> 706.3412 | J16: =ROUND(PRODUCT(E16,I16),4) -> 37457.274 | K16: =ROUND(J16,2) -> 37457.27
A17: 1.1.6 | B17: 103670 | C17: LANÇAMENTO COM USO DE BALDES, ADENSAMENTO E ACABAMENTO DE CONCRETO EM ESTRUTURAS. AF_02/2022 | E17: 53.03 | F17: m³ | G17: 285.71 | H17: =ROUND(PRODUCT(E17,G17),4) -> 15151.201 | I17: =ROUND(G17*1.24,4) -> 354.2804 | J17: =ROUND(PRODUCT(E17,I17),4) -> 18787.49 | K17: =ROUND(J17,2) -> 18787.49
A18: TOTAL DE MUROS DE CONTENÇÃO | H18: =ROUND(SUM(H12:H17),4) -> 111470.84 | K18: =SUM(K12:K17) -> 138223.83 | O18: 1038.6324
A19: 1.2 | C19: GUARDA-CORPO
A20: 1.2.1 | B20: 99855 | C20: CORRIMÃO SIMPLES, DIÂMETRO EXTERNO = 1 1/2", EM AÇO GALVANIZADO. AF_04/2019_PS | E20: =174 -> 174 | F20: m | G20: 107.7 | H20: =ROUND(PRODUCT(E20,G20),4) -> 18739.8 | I20: =ROUND(G20*1.24,4) -> 133.548 | J20: =ROUND(PRODUCT(E20,I20),4) -> 23237.352 | K20: =ROUND(J20,2) -> 23237.35
A21: TOTAL DE GUARDA-CORDPO | H21: =H20 -> 18739.8 | K21: =K20 -> 23237.35
A22: TOTAL ORÇAMENTO | H22: =SUM(H18+H21) -> 130210.64 | K22: =SUM(K18+K21) -> 161461.18
A23: Importa o presente aditivo orçamentário em Cento e sessenta e um mil e quinhentos e quatorze reais e sessenta e um centavos.
H24: Salto do Jacui, 13 de novembro de 2025.
B26: _________________________ | H26: _________________________
B27: Eduardo Dona | G27: Ronaldo Olímpio Pereira de Moraes
B28: Engº. Civil - CREA RS 267.861 | H28: Prefeito Municipal
A31: CÓDIGO | C31: DESCRIÇÃO DO SERVIÇO OU FORNECIMENTO | E31: UNIDADE | F31: QUANT. | G31: FONTE | H31: DATA BASE
A32: COMP07 | C32: ARMAÇÃO DE AÇO POR M3 DE CONCRETO | E32: m³ | F32: 15.3 | G32: SINAPI | H32: 45778
A33: FONTE | B33: CÓDIGO | C33: DESCRIÇÃO DO INSUMO | E33: COEF. | F33: QUANT. | G33: UNID | H33: VALOR UNITÁRIO | I33: VALOR TOTAL
A34: SINAPI | B34: 43055 | C34: ACO CA-50, 12,5 MM OU 16,0 MM, VERGALHAO | E34: 1 | F34: 710 | G34: KG | H34: 7.87 | I34: =H34*E34*F34 -> 5587.7
A35: SINAPI | B35: 43062 | C35: ACO CA-60, 6,0 MM OU 7,0 MM, DOBRADO E CORTADO | E35: 1.2112676 | F35: 195 | G35: KG | H35: 9.53 | I35: =H35*E35*F35 -> 2250.9591
A36: SINAPI | B36: 39017 | C36: ESPACADOR / DISTANCIADOR CIRCULAR COM ENTRADA LATERAL, EM PLASTICO, PARA VERGALHAO *4,2 A 12,5* MM, COBRIMENTO | E36: 0.367 | F36: 905 | G36: UNID | H36: 0.15 | I36: =H36*E36*F36 -> 49.82025
A37: SINAPI | B37: 43132 | C37: ARAME RECOZIDO 16 BWG, D = 1,65 MM (0,016 KG/M) OU 18 BWG, D = 1,25 MM (0,01 KG/M | E37: 0.025 | F37: 905 | G37: KG | H37: 21.42 | I37: =H37*E37*F37 -> 484.6275
A38: SINAPI | B38: 88238 | C38: AJUDANTE DE ARMADOR COM ENCARGOS COMPLEMENTARES | E38: 0.0076 | F38: 905 | G38: H | H38: 22.52 | I38: =H38*E38*F38 -> 154.89256
A39: SINAPI | B39: 88245 | C39: ARMADOR COM ENCARGOS COMPLEMENTARES | E39: 0.0464 | F39: 905 | G39: H | H39: 25.54 | I39: =H39*E39*F39 -> 1072.4757
A40: SINAPI | B40: 92804 | C40: CORTE E DOBRA DE AÇO CA-50, DIÂMETRO DE 12,5 MM. AF_06/2022 | E40: 1 | F40: 710 | G40: KG | H40: 8.86 | I40: =H40*E40*F40 -> 6290.6
H41: TOTAL | I41: =SUM(I34:I40) -> 15891.075
C44: _________________________ | G44: _________________________
C45: Eduardo Dona | F45: Ronaldo Olímpio Pereira de Moraes
C46: Engº. Civil - CREA RS 267.861 | G46: Prefeito Municipal

Sheet BDI
A1: ITENS | C1: SIGLA | D1: VALORES
A2: TAXA DE RATEIO DA ADMINISTRAÇÃO CENTRAL | C2: AC | D2: 0.03995
A3: TAXA DE SEGURO E GARANTIADO EMPREENDIMENTO | C3: S+G | D3: 0.004
A4: TAXA DE RISCO | C4: R | D4: 0.0066
A5: TAXA DE DESPESAS FINANCEIRAS | C5: DF | D5: 0.0111
A6: TAXA DE LUCRO | C6: L | D6: 0.0664
A7: TAXAS E TRIBUTOS | B7: PIS (geralmente 0,65%) | C7: I | D7: 0.0065
B8: COFINS (geralmente 3,00%) | D8: 0.03
B9: ISS (legislação municipal) | D9: 0.05
B10: CPRB (INSS) | D10: 0
A11: BDI RESULTANTE | D11: =(((1+(D2+D4+D3))*(1+D5)*(1+D6)/(1-(D7+D8+D9+D10))-1)) -> 0.2400021

Sheet cronograma
A1: PREFEITURA MUNICIPAL DE SALTO DO JACUÍ
A2: OBRA | B2: INSTALAÇÃO DE BARREIRAS DE CONTENÇÃO NA PONTE NO DISTRITO DE TABAJARA
A3: LOCAL | B3: Rio Jacuizinho, Tabajara, Salto do Jacuí/RS
A4: CRONOGRAMA
A6: item | C6: valor | D6: 1º Mês | F6: 2º Mês | H6: 3º Mês
D7: no mês | E7: acum. | F7: no mês | G7: acum. | H7: no mês | I7: acum.
A8: 1 | B8: =estimativa!C12 -> FABRICAÇÃO DE FÔRMA PARA VIGAS, EM CHAPA DE MADEIRA COMPENSADA RESINADA, E = 17 MM. AF_09/2020 | C8: =estimativa!K12 -> 25089.4 | D8: 0.5 | E8: =D8 -> 0.5 | F8: 0.25 | G8: =E8+F8 -> 0.75 | H8: 0.25 | I8: =G8+H8 -> 1
A9: =A8+1 -> 2 | B9: =estimativa!C13 -> MONTAGEM E DESMONTAGEM DE FÔRMA DE VIGA, ESCORAMENTO COM GARFO DE MADEIRA, PÉ-DIREITO SIMPLES, EM CHAPA DE MADEIRA PLASTIFICADA, 10 UTILIZAÇÕES. AF_09/2020 | C9: =estimativa!K13 -> 19100.521 | D9: 0.5 | E9: =D9 -> 0.5 | F9: 0.25 | G9: =E9+F9 -> 0.75 | H9: 0.25 | I9: =G9+H9 -> 1
A10: 3 | B10: =estimativa!C14 -> EXECUÇÃO DE GRAMPO PARA SOLO GRAMPEADO COM COMPRIMENTO MENOR OU IGUAL A 6 M, DIÂMETRO DE10 CM, PERFURAÇÃO COM EQUIPAMENTO MANUAL E ARMADURA COM DIÂMETRO DE 20 MM. AF_07/2024 | C10: =estimativa!K14 -> 18084.222 | D10: 0.75 | E10: =D10 -> 0.75 | F10: 0.25 | G10: =E10+F10 -> 1 | I10: =G10+H10 -> 1
A11: 4 | B11: =estimativa!C15 -> ARMAÇÃO DE AÇO POR M3 DE CONCRETO | C11: =estimativa!K15 -> 19704.933 | D11: 0.25 | E11: =D11 -> 0.25 | F11: 0.5 | G11: =E11+F11 -> 0.75 | H11: 0.25 | I11: =G11+H11 -> 1
A12: 5 | B12: =estimativa!C16 -> CONCRETO FCK = 30MPA, TRAÇO 1:2,1:2,5 (EM MASSA SECA DE CIMENTO/ AREIA MÉDIA/ BRITA 1) - PREPARO MECÂNICO COM BETONEIRA 400 L. AF_05/2021 | C12: =estimativa!K16 -> 37457.274 | D12: 0.25 | E12: =D12 -> 0.25 | F12: 0.25 | G12: =E12+F12 -> 0.5 | H12: 0.5 | I12: =G12+H12 -> 1
A13: 6 | B13: =estimativa!C17 -> LANÇAMENTO COM USO DE BALDES, ADENSAMENTO E ACABAMENTO DE CONCRETO EM ESTRUTURAS. AF_02/2022 | C13: =estimativa!K17 -> 18787.49 | D13: 0.4 | E13: =D13 -> 0.4 | F13: 0.4 | G13: =E13+F13 -> 0.8 | H13: 0.2 | I13: =G13+H13 -> 1
A14: 7 | B14: =estimativa!C19 -> GUARDA-CORPO | C14: =estimativa!K20 -> 23237.352 | E14: =D14 -> 0 | F14: 0.5 | G14: =E14+F14 -> 0.5 | H14: 0.5 | I14: =G14+H14 -> 1
A15: TOTAL (%) | D15: =D16/C17 -> 0.35589775 | E15: =D15 -> 0.35589775 | F15: =F16/C17 -> 0.33394398 | G15: =E15+F15 -> 0.68984173 | H15: =H16/C17 -> 0.31015827 | I15: =G15+H15 -> 1
B16: Período | D16: =($C$8*D8)+($C$9*D9)+($C$10*D10)+($C$11*D11)+($C$12*D12)+($C$13*D13)+($C$14*D14) -> 57463.674 | F16: =($C$8*F8)+($C$9*F9)+($C$10*F10)+($C$11*F11)+($C$12*F12)+($C$13*F13)+($C$14*F14) -> 53918.993 | H16: =($C$8*H8)+($C$9*H9)+($C$10*H10)+($C$11*H11)+($C$12*H12)+($C$13*H13)+($C$14*H14) -> 50078.524
B17: Acumulado | C17: =SUM(C8:C14) -> 161461.19 | D17: =D16 -> 57463.674 | F17: =F16+D17 -> 111382.67 | H17: =H16+F17 -> 161461.19
B19: Salto do Jacuí/RS, novembro de 2025.
B22: RONALDO O. PEREIRA DE MORAES | D22: EDUARDO DONA
B23: PREFEITO MUNICIPAL | D23: CREA RS 267861

Sheet estimativa
A1: #VALUE!
A4: PROPRIETÁRIO - PREFEITURA MUNICIPAL DE SALTO DO JACUÍ
A5: OBRA - RECUPERAÇÃO E AMPLIAÇÃO DE PONTE EM CONCRETO ARMADO - PRÉ MOLDADO
A6: LOCAL - LINHA TABAJARA - RIO JACUIZINHO - SALTO DO JACUÍ/RS | I6: ÁREA CONSTRUÍDA = 357,50 m²
A7: ESTIMATIVA PRELIMINAR DE CUSTOS
A8: ITEM | B8: SINAPI 05/2025 | C8: SERVICOS | E8: QUANT. | F8: UNID | G8: VALORES (R$) | I8: VALORES C/BDI (R$) | K8: TOTAL C/BDI 24,00%
G9: UNIT | H9: TOTAL | I9: UNIT | J9: TOTAL
A10: 1 | C10: MESOESTRUTURA
A11: 1.1 | C11: MUROS DE CONTENÇÃO LATERAIS DA PONTE (GUARD-RAILS)
A12: 1.1.1 | B12: 92265 | C12: FABRICAÇÃO DE FÔRMA PARA VIGAS, EM CHAPA DE MADEIRA COMPENSADA RESINADA, E = 17 MM. AF_09/2020 | E12: 159.03 | F12: m² | G12: 127.23 | H12: =PRODUCT(E12,G12) -> 20233.387 | I12: =G12*1.24 -> 157.7652 | J12: =PRODUCT(E12,I12) -> 25089.4 | K12: =J12 -> 25089.4 | O12: =N12*1.24 -> 0
A13: 1.1.2 | B13: 92467 | C13: MONTAGEM E DESMONTAGEM DE FÔRMA DE VIGA, ESCORAMENTO COM GARFO DE MADEIRA, PÉ-DIREITO SIMPLES, EM CHAPA DE MADEIRA PLASTIFICADA, 10 UTILIZAÇÕES. AF_09/2020 | E13: 159.03 | F13: m² | G13: 96.86 | H13: =PRODUCT(E13,G13) -> 15403.646 | I13: =G13*1.24 -> 120.1064 | J13: =PRODUCT(E13,I13) -> 19100.521 | K13: =J13 -> 19100.521
A14: 1.1.3 | B14: 93957 | C14: EXECUÇÃO DE GRAMPO PARA SOLO GRAMPEADO COM COMPRIMENTO MENOR OU IGUAL A 6 M, DIÂMETRO DE10 CM, PERFURAÇÃO COM EQUIPAMENTO MANUAL E ARMADURA COM DIÂMETRO DE 20 MM. AF_07/2024 | E14: 39 | F14: m | G14: 373.95 | H14: =PRODUCT(E14,G14) -> 14584.05 | I14: =G14*1.24 -> 463.698 | J14: =PRODUCT(E14,I14) -> 18084.222 | K14: =J14 -> 18084.222
A15: 1.1.4 | B15: COMP07 | C15: ARMAÇÃO DE AÇO POR M3 DE CONCRETO | E15: 15.3 | F15: m³ | G15: =H15/E15 -> 1038.6324 | H15: =I41 -> 15891.075 | I15: =G15*1.24 -> 1287.9041 | J15: =H15*1.24 -> 19704.933 | K15: =J15 -> 19704.933 | O15: =N16*1.24 -> 0
A16: 1.1.5 | B16: 94966 | C16: CONCRETO FCK = 30MPA, TRAÇO 1:2,1:2,5 (EM MASSA SECA DE CIMENTO/ AREIA MÉDIA/ BRITA 1) - PREPARO MECÂNICO COM BETONEIRA 400 L. AF_05/2021 | E16: 53.03 | F16: m³ | G16: 569.63 | H16: =PRODUCT(E16,G16) -> 30207.479 | I16: =G16*1.24 -> 706.3412 | J16: =PRODUCT(E16,I16) -> 37457.274 | K16: =J16 -> 37457.274
A17: 1.1.6 | B17: 103670 | C17: LANÇAMENTO COM USO DE BALDES, ADENSAMENTO E ACABAMENTO DE CONCRETO EM ESTRUTURAS. AF_02/2022 | E17: 53.03 | F17: m³ | G17: 285.71 | H17: =PRODUCT(E17,G17) -> 15151.201 | I17: =G17*1.24 -> 354.2804 | J17: =PRODUCT(E17,I17) -> 18787.49 | K17: =J17 -> 18787.49
A18: TOTAL DE MUROS DE CONTENÇÃO | H18: =SUM(H12:H17) -> 111470.84 | K18: =SUM(K12:K17) -> 138223.84 | O18: =N18*1.24 -> 0
A19: 1.2 | C19: GUARDA-CORPO
A20: 1.2.1 | B20: 99855 | C20: CORRIMÃO SIMPLES, DIÂMETRO EXTERNO = 1 1/2", EM AÇO GALVANIZADO. AF_04/2019_PS | E20: =174 -> 174 | F20: m | G20: 107.7 | H20: =PRODUCT(E20,G20) -> 18739.8 | I20: =G20*1.24 -> 133.548 | J20: =PRODUCT(E20,I20) -> 23237.352 | K20: =J20 -> 23237.352
A21: TOTAL DE GUARDA-CORDPO | H21: =H20 -> 18739.8 | K21: =K20 -> 23237.352
A22: TOTAL ORÇAMENTO | H22: =SUM(H18+H21) -> 130210.64 | K22: =SUM(K18+K21) -> 161461.19
A23: Importa o presente aditivo orçamentário em Cento e sessenta e um mil e quinhentos e quatorze reais e sessenta e um centavos.
H24: Salto do Jacui, 13 de novembro de 2025.
B26: _________________________ | H26: _________________________
B27: Eduardo Dona | G27: Ronaldo Olímpio Pereira de Moraes
B28: Engº. Civil - CREA RS 267.861 | H28: Prefeito Municipal
A31: CÓDIGO | C31: DESCRIÇÃO DO SERVIÇO OU FORNECIMENTO | E31: UNIDADE | F31: QUANT. | G31: FONTE | H31: DATA BASE
A32: COMP07 | C32: ARMAÇÃO DE AÇO POR M3 DE CONCRETO | E32: m³ | F32: 15.3 | G32: SINAPI | H32: 45778
A33: FONTE | B33: CÓDIGO | C33: DESCRIÇÃO DO INSUMO | E33: COEF. | F33: QUANT. | G33: UNID | H33: VALOR UNITÁRIO | I33: VALOR TOTAL
A34: SINAPI | B34: 43055 | C34: ACO CA-50, 12,5 MM OU 16,0 MM, VERGALHAO | E34: 1 | F34: 710 | G34: KG | H34: 7.87 | I34: =H34*E34*F34 -> 5587.7
A35: SINAPI | B35: 43062 | C35: ACO CA-60, 6,0 MM OU 7,0 MM, DOBRADO E CORTADO | E35: 1.2112676 | F35: 195 | G35: KG | H35: 9.53 | I35: =H35*E35*F35 -> 2250.9591
A36: SINAPI | B36: 39017 | C36: ESPACADOR / DISTANCIADOR CIRCULAR COM ENTRADA LATERAL, EM PLASTICO, PARA VERGALHAO *4,2 A 12,5* MM, COBRIMENTO | E36: 0.367 | F36: 905 | G36: UNID | H36: 0.15 | I36: =H36*E36*F36 -> 49.82025
A37: SINAPI | B37: 43132 | C37: ARAME RECOZIDO 16 BWG, D = 1,65 MM (0,016 KG/M) OU 18 BWG, D = 1,25 MM (0,01 KG/M | E37: 0.025 | F37: 905 | G37: KG | H37: 21.42 | I37: =H37*E37*F37 -> 484.6275
A38: SINAPI | B38: 88238 | C38: AJUDANTE DE ARMADOR COM ENCARGOS COMPLEMENTARES | E38: 0.0076 | F38: 905 | G38: H | H38: 22.52 | I38: =H38*E38*F38 -> 154.89256
A39: SINAPI | B39: 88245 | C39: ARMADOR COM ENCARGOS COMPLEMENTARES | E39: 0.0464 | F39: 905 | G39: H | H39: 25.54 | I39: =H39*E39*F39 -> 1072.4757
A40: SINAPI | B40: 92804 | C40: CORTE E DOBRA DE AÇO CA-50, DIÂMETRO DE 12,5 MM. AF_06/2022 | E40: 1 | F40: 710 | G40: KG | H40: 8.86 | I40: =H40*E40*F40 -> 6290.6
H41: TOTAL | I41: =SUM(I34:I40) -> 15891.075
C44: _________________________ | G44: _________________________
C45: Eduardo Dona | F45: Ronaldo Olímpio Pereira de Moraes
C46: Engº. Civil - CREA RS 267.861 | G46: Prefeito Municipal

Sheet CRONOGRAMA MACRO
A1: PREFEITURA MUNICIPAL DE SALTO DO JACUÍ
A2: OBRA | B2: INSTALAÇÃO DE BARREIRAS DE CONTENÇÃO NA PONTE NO DISTRITO DE TABAJARA
A3: LOCAL | B3: Rio Jacuizinho, Tabajara, Salto do Jacuí/RS
A4: CRONOGRAMA
A6: item | C6: valor | D6: 1º Mês | F6: 2º Mês | H6: 3º Mês
D7: no mês | E7: acum. | F7: no mês | G7: acum. | H7: no mês | I7: acum.
A8: 1 | B8: =estimativa!C12 -> FABRICAÇÃO DE FÔRMA PARA VIGAS, EM CHAPA DE MADEIRA COMPENSADA RESINADA, E = 17 MM. AF_09/2020 | C8: =estimativa!K12 -> 25089.4 | D8: 0.5 | E8: =D8 -> 0.5 | F8: 0.25 | G8: =E8+F8 -> 0.75 | H8: 0.25 | I8: =G8+H8 -> 1
A9: =A8+1 -> 2 | B9: =estimativa!C13 -> MONTAGEM E DESMONTAGEM DE FÔRMA DE VIGA, ESCORAMENTO COM GARFO DE MADEIRA, PÉ-DIREITO SIMPLES, EM CHAPA DE MADEIRA PLASTIFICADA, 10 UTILIZAÇÕES. AF_09/2020 | C9: =estimativa!K13 -> 19100.521 | D9: 0.5 | E9: =D9 -> 0.5 | F9: 0.25 | G9: =E9+F9 -> 0.75 | H9: 0.25 | I9: =G9+H9 -> 1
A10: 3 | B10: =estimativa!C14 -> EXECUÇÃO DE GRAMPO PARA SOLO GRAMPEADO COM COMPRIMENTO MENOR OU IGUAL A 6 M, DIÂMETRO DE10 CM, PERFURAÇÃO COM EQUIPAMENTO MANUAL E ARMADURA COM DIÂMETRO DE 20 MM. AF_07/2024 | C10: =estimativa!K14 -> 18084.222 | D10: 0.75 | E10: =D10 -> 0.75 | F10: 0.25 | G10: =E10+F10 -> 1 | I10: =G10+H10 -> 1
A11: 4 | B11: =estimativa!C15 -> ARMAÇÃO DE AÇO POR M3 DE CONCRETO | C11: =estimativa!K15 -> 19704.933 | D11: 0.25 | E11: =D11 -> 0.25 | F11: 0.5 | G11: =E11+F11 -> 0.75 | H11: 0.25 | I11: =G11+H11 -> 1
A12: 5 | B12: =estimativa!C16 -> CONCRETO FCK = 30MPA, TRAÇO 1:2,1:2,5 (EM MASSA SECA DE CIMENTO/ AREIA MÉDIA/ BRITA 1) - PREPARO MECÂNICO COM BETONEIRA 400 L. AF_05/2021 | C12: =estimativa!K16 -> 37457.274 | D12: 0.25 | E12: =D12 -> 0.25 | F12: 0.25 | G12: =E12+F12 -> 0.5 | H12: 0.5 | I12: =G12+H12 -> 1
A13: 6 | B13: =estimativa!C17 -> LANÇAMENTO COM USO DE BALDES, ADENSAMENTO E ACABAMENTO DE CONCRETO EM ESTRUTURAS. AF_02/2022 | C13: =estimativa!K17 -> 18787.49 | D13: 0.4 | E13: =D13 -> 0.4 | F13: 0.4 | G13: =E13+F13 -> 0.8 | H13: 0.2 | I13: =G13+H13 -> 1
A14: 7 | B14: =estimativa!C19 -> GUARDA-CORPO | C14: =estimativa!K20 -> 23237.352 | E14: =D14 -> 0 | F14: 0.5 | G14: =E14+F14 -> 0.5 | H14: 0.5 | I14: =G14+H14 -> 1
A15: TOTAL (%) | D15: =D16/C17 -> 0.35589775 | E15: =D15 -> 0.35589775 | F15: =F16/C17 -> 0.33394398 | G15: =E15+F15 -> 0.68984173 | H15: =H16/C17 -> 0.31015827 | I15: =G15+H15 -> 1
B16: Período | D16: =($C$8*D8)+($C$9*D9)+($C$10*D10)+($C$11*D11)+($C$12*D12)+($C$13*D13)+($C$14*D14) -> 57463.674 | F16: =($C$8*F8)+($C$9*F9)+($C$10*F10)+($C$11*F11)+($C$12*F12)+($C$13*F13)+($C$14*F14) -> 53918.993 | H16: =($C$8*H8)+($C$9*H9)+($C$10*H10)+($C$11*H11)+($C$12*H12)+($C$13*H13)+($C$14*H14) -> 50078.524
B17: Acumulado | C17: =SUM(C8:C14) -> 161461.19 | D17: =D16 -> 57463.674 | F17: =F16+D17 -> 111382.67 | H17: =H16+F17 -> 161461.19
B19: Salto do Jacuí/RS, novembro de 2025.
B22: RONALDO O. PEREIRA DE MORAES | D22: EDUARDO DONA
B23: PREFEITO MUNICIPAL | D23: CREA RS 267861
A26: PREFEITURA MUNICIPAL DE SALTO DO JACUÍ
A27: OBRA | B27: INSTALAÇÃO DE BARREIRAS DE CONTENÇÃO NA PONTE NO DISTRITO DE TABAJARA
A28: LOCAL | B28: Rio Jacuizinho, Tabajara, Salto do Jacuí/RS
A29: CRONOGRAMA MACRO
A31: item | C31: valor | D31: 1º Mês | F31: 2º Mês | H31: 3º Mês
D32: no mês | E32: acum. | F32: no mês | G32: acum. | H32: no mês | I32: acum.
A33: 1 | B33: EXECUÇÃO DE FORMAS PARA CONCRETO ARMADO | C33: =C8+C9 -> 44189.921 | D33: 0.5 | E33: =D33 -> 0.5 | F33: 0.25 | G33: =E33+F33 -> 0.75 | H33: 0.25 | I33: =G33+H33 -> 1
A34: =A33+1 -> 2 | B34: GRAMPEAMENTO DE SOLO | C34: =C10 -> 18084.222 | D34: 0.75 | E34: =D34 -> 0.75 | F34: 0.25 | G34: =E34+F34 -> 1 | I34: =G34+H34 -> 1
A35: 3 | B35: EXECUÇÃO DE BARREIRAS DE CONCRETO ARMADO | C35: =C11+C12+C13 -> 75949.697 | D35: 0.3 | E35: =D35 -> 0.3 | F35: 0.4 | G35: =E35+F35 -> 0.7 | H35: 0.3 | I35: =G35+H35 -> 1
A36: 4 | B36: GUARDA-CORPO | C36: =C14 -> 23237.352 | E36: =D36 -> 0 | F36: 0.5 | G36: =E36+F36 -> 0.5 | H36: 0.5 | I36: =G36+H36 -> 1
A37: TOTAL (%) | D37: =D38/C39 -> 0.36196336 | E37: =D37 -> 0.36196336 | F37: =F38/C39 -> 0.35653825 | G37: =E37+F37 -> 0.71850161 | H37: =H38/C39 -> 0.28149839 | I37: =G37+H37 -> 1
B38: Período | D38: =($C$33*D33)+($C$34*D34)+($C$35*D35)+($C$36*D36) -> 58443.036 | F38: =($C$33*F33)+($C$34*F34)+($C$35*F35)+($C$36*F36) -> 57567.09 | H38: =($C$33*H33)+($C$34*H34)+($C$35*H35)+($C$36*H36) -> 45451.065
B39: Acumulado | C39: =SUM(C33:C36) -> 161461.19 | D39: =D38 -> 58443.036 | F39: =F38+D39 -> 116010.13 | H39: =H38+F39 -> 161461.19
B41: Salto do Jacuí/RS, novembro de 2025.
B44: RONALDO O. PEREIRA DE MORAES | D44: EDUARDO DONA
B45: PREFEITO MUNICIPAL | D45: CREA RS 267861
